 Dungeon Crawl Stone Soup version 0.20-a0-622-g01f5896 (console) character file.

58620 nht the Bewitcher (level 14, -4/105 HPs)
             Began as a Vampire Assassin on Feb 9, 2017.
             Was the Champion of Dithmenos.
             Killed from afar by a fire dragon (29 damage)
             ... with a blast of flame
             ... on level 6 of the Lair of Beasts.
             The game lasted 00:56:44 (16847 turns).

nht the Bewitcher (Vampire Assassin)               Turns: 16847, Time: 00:56:45

Health: -4/105     AC: 10    Str: 12    XL:     14   Next: 50%
Magic:  26/26      EV: 15    Int: 16    God:    Dithmenos [******]
Gold:   1295       SH:  0    Dex: 18    Spells: 19/30 levels left

rFire    . . .     SeeInvis +   a - +1 short sword (vamp)
rCold    . . .     Gourm    .   E - +0 troll leather armour
rNeg     . . .     Faith    .   (no shield)
rPois    +         Spirit   .   v - +1 hat
rElec    .         Reflect  .   y - +2 cloak {rPois}
rCorr    .         Harm     .   D - +1 pair of gloves
MR       +++..                  (no boots)
Stlth    ++++++++++             r - amulet of regeneration
Regen    1.3/turn               k - ring of stealth
                                G - ring of protection from magic

@: very slightly contaminated, regenerating quickly, wreathed by umbra
A: fangs 3, see invisible, magic resistance 1, robust 1, strong 1, unbreathing
a: Shadow Step, Shadow Form, Renounce Religion


You were on level 6 of the Lair of Beasts.
You worshipped Dithmenos.
Dithmenos was exalted by your worship.
You were very full.

You visited 2 branches of the dungeon, and saw 18 of its levels.
You also visited: Labyrinth and Ice Cave.

You collected 1825 gold pieces.
You spent 530 gold pieces at shops.

Inventory:

Hand Weapons
 a - a +1 vampiric short sword (weapon)
 b - a +0 blowgun
 J - a +0 long sword
 L - a +0 triple sword
 Z - the +6 short sword of Inference {drain, rElec}
   (You found it on level 5 of the Lair of Beasts)

   A truly terrible weapon, it drains the life of those it strikes.
   It insulates you from electricity.
Missiles
 e - 123 poisoned needles
 f - 16 curare-tipped needles
 i - a throwing net (quivered)
 n - 8 needles of sleeping
 u - 5 steel tomahawks
 x - 19 tomahawks
 N - 2 tomahawks of dispersal
Armour
 v - a +1 hat (worn)
 y - a +2 cloak of poison resistance (worn)
 D - a +1 pair of gloves (worn)
 E - a +0 troll leather armour (worn)
Magical Staves
 S - an uncursed staff of air
Jewellery
 k - a ring of stealth (right hand)
 r - an amulet of regeneration (around neck)
 B - an uncursed ring of resist corrosion
 G - a ring of protection from magic (left hand)
Wands
 c - a wand of acid (6/15)
 z - a wand of acid (0/15)
 H - a wand of disintegration (1/24)
 I - a wand of disintegration (16/24)
 Q - a wand of digging (7/24)
 R - a wand of paralysis (15/24)
Scrolls
 h - 11 scrolls of teleportation
 l - 4 scrolls of fog
 o - 10 scrolls of identify
 q - 3 scrolls of remove curse
 s - 4 scrolls of enchant armour
 A - 2 scrolls of amnesia
 F - 3 scrolls of recharging
 P - a scroll of magic mapping
 U - 4 scrolls of enchant weapon
 V - a scroll of blinking
Potions
 d - 2 potions of cancellation
 g - 45 potions of blood
 j - 6 potions of heal wounds
 m - 2 potions of resistance
 p - 2 potions of haste
 t - 4 potions of agility
 w - 5 potions of curing
 C - a potion of magic
 K - a potion of brilliance
 W - a potion of might
 Y - 2 potions of ambrosia
Books
 M - a book of Party Tricks

   Spells                             Type                      Level
   a - Summon Butterflies             Summoning                    1
   b - Apportation                    Translocation                1
   c - Lesser Beckoning               Translocation                3
   d - Tukima's Dance                 Hexes                        3
   e - Alistair's Intoxication        Transmutation/Poison         5
   f - Invisibility                   Hexes                        6
 O - a book of Minor Magic

   Spells                             Type                      Level
   a - Magic Dart                     Conjuration                  1
   b - Blink                          Translocation                2
   c - Call Imp                       Summoning                    2
   d - Slow                           Hexes                        2
   e - Conjure Flame                  Conjuration/Fire             3
   f - Mephitic Cloud                 Conjuration/Poison/Air       3


   Skills:
 - Level 4.4 Fighting
 - Level 12.0(15.2) Short Blades
 + Level 14.4(15.7) Long Blades
 - Level 1.5 Throwing
 - Level 5.2 Dodging
 - Level 13.2 Stealth
 + Level 8.6 Spellcasting
 - Level 16.0 Hexes


You had 19 spell levels left.
You knew the following spells:

 Your Spells              Type           Power        Failure   Level  Hunger
a - Invisibility          Hex            ######..     2%          6    ######.
b - Slow                  Hex            ######..     1%          2    None
c - Tukima's Dance        Hex            ######..     1%          3    #......


Dungeon Overview and Level Annotations

Branches:
Dungeon (12/15)            Temple (0/1) D:5            Lair (6/6) D:11
  Swamp (0/4) Lair:3        Snake (0/4) Lair:3        Slime (0/5) Lair:5
    Orc (0/2) D:11

Altars:
Dithmenos
Okawaru
Sif Muna
Trog

Shops:
D:5 !   D:8 :   D:9 (%=?   D:11 *

Annotations:
D:9 anet's ghost, novice DEWz


Innate Abilities, Weirdness & Mutations

Your natural rate of healing is unusually fast.
You have razor-sharp teeth.
You have supernaturally acute eyesight. (SInv)
You can survive without breathing.
You are resistant to hostile enchantments. (MR+)
You are robust. (+10% HP)
Your muscles are strong. (Str +2)


Message History

Evoke which item? (* to show all) (? for menu, Esc to quit)
Aiming: Corrosive Bolt (will waste charges)
Press: ? - help, Shift-Dir - straight line, f/p - fire dragon
Aim: a fire dragon (black smoke, almost dead, catching its breath, covered in acid, umbra) Nothing appears to happen.
The fire dragon closely misses you. The fire dragon claws you.
* * * LOW HITPOINT WARNING * * *
The fire dragon closely misses you.
Unknown command.
Evoke which item? (* to show all) (? for menu, Esc to quit)
Aiming: Corrosive Bolt (will waste charges)
Press: ? - help, Shift-Dir - straight line, f/p - fire dragon
Aim: a fire dragon (black smoke, almost dead, catching its breath, covered in acid, umbra)
The bolt of acid misses the fire dragon.
The bolt of acid hits the plant.
The plant is splashed with acid.
The plant is heavily damaged.
Evoking this partially-identified wand wasted a few charges.
The fire dragon breathes flames at you. The blast of flame hits you!
You die...

♣♣♣♣*♣** ♣♣♣*
.≈≈≈≈≈.♣♣♣..*
.≈≈≈≈≈≈..♣≈.♣♣♣
.≈≈≈≈≈≈≈..≈...♣♣
≈≈≈≈≈≈≈≈≈≈≈≈≈.P♣♣
.P≈≈≈≈≈≈≈≈≈≈≈≈PD♣♣
,*,≈≈P..≈..≈.≈§§@♣
♣♣♣*,♣$...$P≈♣§§♣♣
♣.♣♣*♣?)[|!♣♣♣≈≈≈♣
♣≈≈♣♣♣($.$%♣♣.≈≈≈♣
≈≈≈≈P♣♣♣.♣♣♣≈≈≈.♣♣
..≈≈≈.♣♣♣♣♣≈≈...♣
....≈..♣♣♣≈≈P.♣♣♣
♣♣♣P♣≈.≈≈≈≈≈.♣♣
..♣♣♣≈≈..≈≈..♣


You could see a fire dragon.

Vanquished Creatures
  A minotaur (Lab)
  6 hydras
  3 ice dragons
  A death yak (Lair:5)
  4 two-headed ogres
  A skeletal warrior (D:12)
  Nergalle (Lair:3)
  An unseen horror (Lab)
  A swamp dragon (Lair:6)
  A cyclops (Lair:1)
  4 oklob plants (Lair:5)
  4 elephants (Lair:6)
  An ugly thing (D:11)
  A molten gargoyle (Lair:6)
  2 ice statues (IceCv)
  4 black mambas
  2 torpor snails (Lair:5)
  11 spiny frogs
  2 kobold demonologists (D:11)
  10 komodo dragons
  7 rime drakes
  3 minotaur zombies (Lab)
  2 trolls
  3 polar bears (Lair:6)
  2 tyrant leeches (Lair:3)
  Grinder (D:4)
  32 blink frogs
  A slime creature (Lair:5)
  11 hippogriffs
  10 dream sheep (Lair:6)
  A wraith (D:11)
  43 yaks
  A shadow (D:11)
  Eustachio (D:4)
  A basilisk (Lair:2)
  2 steam dragons (Lair:6)
  3 acid dragons (Lair:6)
  24 water moccasins
  11 porcupines
  16 ice beasts
  2 orc warriors
  3 phantoms
  3 sky beasts
  5 ogres
  2 centaurs (D:6)
  18 crocodiles
  16 bullfrogs
  2 big kobolds
  A wyvern zombie (D:11)
  5 scorpions
  3 wights (D:11)
  A troll skeleton (Lab)
  7 electric eels
  A howler monkey (D:11)
  A bullfrog zombie (D:10)
  5 crimson imps
  9 jellies
  2 centaur zombies
  3 hounds
  Crazy Yiuf (D:6)
  6 orc priests
  4 orc wizards
  4 centaur skeletons
  Jessica (D:2)
  A gnoll shaman (D:8)
  An iguana (D:11)
  Ijyb (D:3)
  13 worker ants
  A killer bee zombie (D:4)
  2 hound skeletons
  A worker ant zombie (D:7)
  5 gnolls
  33 adders
  3 shadow imps
  3 oozes
  An adder zombie (D:8)
  An adder skeleton (D:8)
  3 worms
  9 leopard geckos
  34 orcs
  3 giant cockroaches
  9 hobgoblins
  23 jackals
  11 kobolds
  8 quokkas
  3 ball pythons
  9 bats
  8 frilled lizards
  12 goblins
  10 rats
  2 plants
551 creatures vanquished.

Vanquished Creatures (collateral kills)
  A water moccasin (Lair:3)
1 creature vanquished.

Vanquished Creatures (others)
  A water moccasin (Lair:3)
  An orc warrior (D:11)
  A sky beast (D:6)
  3 fungi
  3 plants (Lair:6)
9 creatures vanquished.

Grand Total: 561 creatures vanquished

Notes
Turn   | Place    | Note
-------+----------+-------------------------------------------
     0 | D:1      | nht the Vampire Assassin began the quest for the Orb.
     0 | D:1      | Reached XP level 1. HP: 16/16 MP: 1/1
   132 | D:1      | Reached XP level 2. HP: 19/22 MP: 2/2
   632 | D:1      | Reached XP level 3. HP: 27/27 MP: 3/3
   746 | D:2      | Gained mutation: You are robust. (+10% HP) [potion of mutation]
   746 | D:2      | Gained mutation: Your muscles are strong. (Str +2) [potion of mutation]
   746 | D:2      | Gained mutation: You are resistant to hostile enchantments. (MR+) [potion of mutation]
   752 | D:2      | HP: 1/29 [worm (8)]
   819 | D:2      | Noticed Jessica
   829 | D:2      | Killed Jessica
   829 | D:2      | Reached XP level 4. HP: 24/36 MP: 4/4
   849 | D:2      | Reached skill level 5 in Short Blades
  1167 | D:2      | Found a shadowy altar of Dithmenos.
  1270 | D:2      | Became a worshipper of Dithmenos the Shadowed
  1543 | D:3      | Reached XP level 5. HP: 15/41 MP: 5/5
  1759 | D:3      | Found an iron altar of Okawaru.
  1922 | D:3      | Reached * piety under Dithmenos
  2235 | D:3      | Noticed Ijyb
  2292 | D:3      | Killed Ijyb
  2292 | D:3      | Reached XP level 6. HP: 46/48 MP: 6/6
  2436 | D:4      | Noticed Grinder
  2440 | D:4      | Killed Grinder
  2448 | D:4      | Reached XP level 7. HP: 53/53 MP: 7/7
  2907 | D:4      | Noticed Eustachio
  2914 | D:4      | Killed Eustachio
  3027 | D:5      | Entered Level 5 of the Dungeon
  3073 | D:5      | Reached ** piety under Dithmenos
  3126 | D:5      | Found Zuicane's Distillery.
  3143 | D:5      | Bought a potion of haste for 110 gold pieces
  3143 | D:5      | Bought a potion of agility for 44 gold pieces
  3143 | D:5      | Bought a potion of lignification for 33 gold pieces
  3143 | D:5      | Bought a potion of lignification for 33 gold pieces
  3143 | D:5      | Bought a potion of degeneration for 11 gold pieces
  3167 | D:5      | Found a staircase to the Ecumenical Temple.
  3238 | D:5      | Reached skill level 10 in Short Blades
  3379 | D:5      | Reached XP level 8. HP: 60/60 MP: 8/8
  4212 | D:6      | Found a runed door.
  4306 | D:6      | Noticed Crazy Yiuf
  4310 | D:6      | Killed Crazy Yiuf
  4363 | D:7      | Reached skill level 10 in Stealth
  4371 | D:7      | Reached XP level 9. HP: 64/67 MP: 9/9
  4618 | D:7      | Reached *** piety under Dithmenos
  5102 | D:8      | Found a deep blue altar of Sif Muna.
  5302 | D:8      | Noticed a two-headed ogre
  5308 | D:8      | Killed a two-headed ogre
  5435 | D:8      | Found Yrritt's Book Boutique.
  5622 | D:8      | Reached XP level 10. HP: 78/78 MP: 10/10
  5761 | D:9      | Found Voxoem Biplo's Food Emporium.
  5918 | D:9      | Noticed anet's ghost (novice DEWz)
  5930 | D:9      | Noticed a two-headed ogre
  5961 | D:9      | Killed a two-headed ogre
  5961 | D:9      | Reached skill level 5 in Dodging
  6018 | D:9      | Found Hobiaru's Weapon Shoppe.
  6184 | D:9      | Found Seabb's Jewellery Emporium.
  6272 | D:9      | Found Cowiggeo's Magic Scroll Shoppe.
  6276 | D:9      | Bought a scroll of teleportation for 42 gold pieces
  6276 | D:9      | Bought a scroll of teleportation for 42 gold pieces
  6276 | D:9      | Bought a scroll of fog for 28 gold pieces
  6276 | D:9      | Bought a scroll of magic mapping for 49 gold pieces
  6276 | D:9      | Bought a scroll of identify for 28 gold pieces
  6370 | D:10     | Entered Level 10 of the Dungeon
  6375 | D:10     | Reached skill level 1 in Long Blades
  6413 | D:10     | Reached **** piety under Dithmenos
  6470 | D:10     | Found a bloodstained altar of Trog.
  6497 | D:10     | Noticed a two-headed ogre
  6529 | D:10     | Killed a two-headed ogre
  6629 | D:10     | Noticed a two-headed ogre
  6635 | D:10     | Killed a two-headed ogre
  6964 | D:11     | Found a staircase to the Orcish Mines.
  6967 | D:11     | Noticed a green ugly thing
  7019 | D:11     | Killed a green ugly thing
  7074 | D:11     | Reached XP level 11. HP: 84/85 MP: 11/11
  7183 | D:11     | Found Puqustrapp's General Store.
  7398 | D:11     | Noticed a four-headed hydra
  7435 | D:11     | Killed a four-headed hydra
  7721 | D:11     | Reached skill level 10 in Long Blades
  7759 | D:11     | Found a staircase to the Lair.
  8023 | D:12     | Noticed a skeletal warrior
  8023 | D:12     | Noticed a skeletal warrior
  8023 | D:12     | Noticed a skeletal warrior
  8023 | D:12     | Noticed a skeletal warrior
  8026 | D:12     | Killed a skeletal warrior
  8026 | D:12     | Reached ***** piety under Dithmenos
  8097 | D:9      | Bought a +0 triple sword for 110 gold pieces
  8210 | Lair:1   | Entered Level 1 of the Lair of Beasts
  8213 | Lair:1   | Found a labyrinth entrance.
  8233 | Lab      | Entered a labyrinth
  8272 | Lab      | Noticed an unseen horror
  8274 | Lab      | Killed an unseen horror
  8332 | Lab      | Noticed a minotaur
  8335 | Lab      | Killed a minotaur
  8375 | Lab      | Identified the Grimoire of Attacks and Augmentations
  8377 | Lab      | Got a polished shield
  8377 | Lab      | Got a translucent chain mail
  8432 | Lair:1   | Learned a level 6 spell: Invisibility
  8470 | D:11     | Identified the cursed +0 shield "Asuzeyr" {Int+7} (You found it in a labyrinth)
  8480 | D:11     | Identified the +1 chain mail of Gluttony {-Tele rElec rPois Dex+2} (You found it in a labyrinth)
  8547 | Lair:1   | Reached skill level 2 in Hexes
  8550 | Lair:1   | Reached skill level 3 in Hexes
  8589 | Lair:1   | Noticed a four-headed hydra
  8593 | Lair:1   | Killed a four-headed hydra
  8593 | Lair:1   | Reached skill level 5 in Hexes
  8776 | Lair:1   | Reached skill level 6 in Hexes
  8776 | Lair:1   | Reached XP level 12. HP: 54/92 MP: 12/12
  8925 | Lair:1   | Reached skill level 7 in Hexes
  9177 | Lair:1   | Reached skill level 8 in Hexes
  9237 | Lair:1   | Reached skill level 9 in Hexes
  9521 | Lair:2   | Reached skill level 10 in Hexes
  9780 | Lair:2   | Reached skill level 11 in Hexes
 10083 | Lair:2   | Reached skill level 12 in Hexes
 10382 | Lair:2   | Reached skill level 13 in Hexes
 10687 | Lair:3   | Noticed a four-headed hydra
 10689 | Lair:3   | Found a staircase to the Snake Pit.
 10695 | Lair:3   | Killed a four-headed hydra
 10695 | Lair:3   | Reached skill level 14 in Hexes
 10857 | Lair:3   | Reached skill level 1 in Spellcasting
 11323 | Lair:3   | Reached XP level 13. HP: 91/99 MP: 8/16
 11412 | Lair:3   | Found a staircase to the Swamp.
 11536 | Lair:3   | Noticed Nergalle
 11547 | Lair:3   | Killed Nergalle
 12518 | Lair:4   | Reached skill level 15 in Hexes
 12712 | Lair:4   | Reached ****** piety under Dithmenos
 13679 | Lair:5   | Reached skill level 5 in Spellcasting
 14064 | Lair:5   | Reached skill level 16 in Hexes
 14221 | Lair:5   | Found a runed door.
 14320 | Lair:5   | Found a staircase to the Slime Pits.
 14732 | Lair:5   | Got a slimy short sword
 14734 | Lair:5   | Identified the +6 short sword of Inference {drain, rElec} (You found it on level 5 of the Lair of Beasts)
 14768 | Lair:6   | Entered Level 6 of the Lair of Beasts
 14862 | Lair:6   | Found a frozen archway.
 14903 | IceCv    | Entered an ice cave
 15102 | IceCv    | Reached XP level 14. HP: 105/105 MP: 17/23
 16038 | Lair:6   | Learned a level 2 spell: Slow
 16042 | Lair:6   | Learned a level 3 spell: Tukima's Dance
 16847 | Lair:6   | Killed from afar by a fire dragon

Vault maps used:
D:1:      dpeg_arrival_simpleton_a
D:2:      first_bread, grunt_dithmenos_smoke, uniq_jessica
D:3:      kennysheep_goblin_castle, st_stairs_4, okawaru_metal_pillars_1_2
D:4:      uniq_grinder, uniq_eustachio
D:5:      minmay_temple_entry_overgrown, serial_shops, kennysheep_mini_moat
D:6:      uniq_crazy_yiuf_cottage
D:8:      serial_shops, shop, led_sif_pool
D:9:      serial_shops, nicolae_shop_competitors_out_of_business,
          shop_fountains, nicolae_shop_statue_plus, shop, shop, trog_wizard
D:10:     basic_altar
D:11:     dpeg_oklobed_lair, david_orc_2, serial_shops, nicolae_shop_statue_plus
D:12:     serial_shops, shop, hangedman_little_slice_of_home,
          minmay_diamond_spiral, uniq_josephine
Lair:1:   lab_entry_generic, beast_lair_carwin_2
Lair:3:   lemuel_reptile_caves, minmay_swamp_entry_worms, dummy_snake_entry,
          disabler_island, uniq_nergalle
Lair:4:   serial_bayou_lake_a, lemuel_fruit_fields, serial_bayou_shore_a,
          grunt_megastairs_2, serial_bayou_shore_b
Lair:5:   minmay_slime_entry_pillars, pf_torpor_hydra, minmay_lair_oklob_chamber
Lair:6:   guppyfry_lair_end_dragon, enter_volcano_1,
          portal_ice_cave_entry_animals_and_master, st_stairs_13,
          grunt_forest_stairs_basic
Lab:      labyrinth_hidden_loot, nicolae_lab_x, nicolae_lab_garden,
          nicolae_lab_diamond, lab_hedge, labyrinth_lava_lair,
          nicolae_lab_swirl, nicolae_lab_starburst, labyrinth_skeletal_remains
IceCv:    ice_cave_small_dragons

Skill      XL: |  1  2  3  4  5  6  7  8  9 10 11 12 13 14 |
---------------+-------------------------------------------+-----
Short Blades   | 3 4 5 7 8 10 11 12 | 12.0
Stealth        | 6 10 12 13 | 13.2
Fighting       | 3 4 |  4.4
Dodging        | 4 5 |  5.2
Long Blades    | 7 11 12 13 14 | 14.4
Hexes          | 6 14 16 | 16.0
Spellcasting   | 2 6 8 |  8.6
Throwing       | |  1.5

Action                   |  1- 3 |  4- 6 |  7- 9 | 10-12 | 13-15 || total
-------------------------+-------+-------+-------+-------+-------++-------
Melee: Dagger            |   100 |   318 |   138 |       |       ||   556
       Bite              |    13 |    39 |    62 |   126 |    76 ||   316
       Short sword       |       |       |   406 |   903 |   716 ||  2025
 Fire: Blowgun           |    13 |       |       |    35 |       ||    48
Throw: Throwing net      |       |       |       |     1 |     1 ||     2
 Cast: Invisibility      |       |       |       |     8 |    23 ||    31
Invok: Shadow Step       |       |       |       |     3 |     1 ||     4
Evoke: Wand              |       |       |       |    17 |    24 ||    41
  Use: Potion            |    11 |    11 |    17 |    22 |    35 ||    96
       Scroll            |     4 |       |    11 |    13 |     6 ||    34
 Stab: Sleeping          |     4 |     8 |    35 |    70 |    84 ||   201
       Distracted        |       |       |     3 |     6 |     4 ||    13
       Invisible         |       |       |       |    19 |    75 ||    94
       Paralysed         |       |       |       |       |     2 ||     2
       Held in net/web   |       |       |       |       |     1 ||     1
  Eat: Corpse            |       |       |       |     3 |     4 ||     7
Armor: Robe              |    21 |    67 |    57 |    14 |       ||   159
       Skin              |       |       |    32 |    14 |    11 ||    57
       Troll leather arm |       |       |       |    78 |    74 ||   152
Dodge: Dodged            |    38 |   192 |   206 |   360 |   335 ||  1131
